 Dungeon Crawl Stone Soup version 0.31-a0-965-g8a8ce12e04 (webtiles) character file.

Game seed: 12739718329926344500

876 Sanktem7 the Chopper (level 7, -1/62 HPs)
             Began as a Minotaur Fighter on Oct 27, 2023.
             Was an Initiate of Okawaru.
             Slain by an ice beast (4 damage)
             ... on level 5 of the Dungeon.
             The game lasted 00:04:19 (3386 turns).

Sanktem7 the Chopper (Minotaur Fighter)             Turns: 3386, Time: 00:04:20

Health: -1/62      AC: 15    Str: 23    XL:     7   Next: 74%
Magic:  6/6        EV:  6    Int:  5    God:    Okawaru [......]
Gold:   308        SH:  5    Dex:  9    Spells: 6/6 levels left

rFire   x . .        a - +0 war axe {axe}
rCold   + . .        c - +0 buckler
rNeg    . . .        v - +0 plate armour
rPois   .            (helmet restricted)
rElec   .            (no cloak)
rCorr   .            o - +0 pair of gloves
SInv    .            w - +0 pair of boots
Will    .....        z - amulet of the acrobat
Stlth   x              - ring of ice
HPRegen 0.30/turn    (no ring)
MPRegen 0.10/turn

%: acrobat
@: no status effects
A: horns 2, retaliatory headbutt
a: Renounce Religion


You were on level 5 of the Dungeon.
You worshipped Okawaru.
Okawaru was noncommittal.
You visited 2 branches of the dungeon, and saw 6 of its levels.

You collected 308 gold pieces.


Innate Abilities, Weirdness & Mutations

You have a pair of horns on your head.
You reflexively headbutt those who attack you in melee.


   Skills:
 + Level 5.6 Fighting
 * Level 6.6 Axes
 + Level 3.1 Throwing
 + Level 5.6 Armour
 + Level 5.5 Shields


You had 6 spell levels left.
You didn't know any spells.
Your spell library contained the following spells:

 Spells                   Type           Power      Damage    Failure   Level
 Ensorcelled Hibernation  Hex/Ice        0%         N/A       100%        2
 Passwall                 Tmut/Erth      0%         N/A       100%        2
 Ignite Poison            Fire/Tmut/Pois 0%         N/A       100%        3
 Stone Arrow              Conj/Erth      0%         3d7       100%        3
 Swiftness                Air            0%         N/A       100%        3
 Sticky Flame             Conj/Fire      0%         2d3       100%        4
 Ignition                 Fire           0%         3d3       100%        8
 Lehudib's Crystal Spear  Conj/Erth      0%         10d2      100%        8
 Animate Armour           Summ/Erth      Unusable   N/A       N/A         4

Inventory:

Hand Weapons
 a - a +0 war axe (weapon) {axe}
Missiles
 j - 30 stones {throwing}
 p - 10 boomerangs {throwing}
 q - 5 poisoned darts {throwing}
 B - 2 throwing nets {=f!fthrowing}
Armour
 c - a +0 buckler (worn)
 o - a +0 pair of gloves (worn)
   (You found it on level 2 of the Dungeon)
 v - a +0 plate armour (worn)
   (You found it on level 3 of the Dungeon)
 w - a +0 pair of boots (worn)
   (You found it on level 3 of the Dungeon)
Jewellery
 x - a ring of ice (left hand)
   (You found it on level 4 of the Dungeon)
 z - an amulet of the acrobat (around neck)
   (You found it on level 5 of the Dungeon)
Wands
 y - a wand of charming (14)
   (You found it on level 4 of the Dungeon)
Scrolls
 b - a scroll of silence {unknown}
 g - a scroll of fear {unknown}
 h - 5 scrolls of identify {unknown}
 i - a scroll of noise {unknown}
 l - 2 scrolls of poison {unknown}
 m - 2 scrolls of brand weapon {unknown}
 n - a scroll of revelation {unknown}
 s - 2 scrolls of fog {unknown}
 t - 2 scrolls of teleportation {unknown}
 A - a scroll of amnesia {unknown}
 C - a scroll of enchant armour {unknown}
Potions
 d - a potion of might
 e - a potion of ambrosia {unknown}
 f - 3 potions of curing {unknown}
 k - 2 potions of brilliance {unknown}
 r - 3 potions of attraction {unknown}
 u - 2 potions of lignification {unknown}

Dungeon Overview and Level Annotations

Branches:
Dungeon (5/15) Zot: 26496  Temple (1/1) D:5 Zot: 5969

Altars:
Cheibriados
Dithmenos
Elyvilon
Fedhas
Hepliaklqana
Kikubaaqudgha
Makhleb
Nemelex Xobeh
Okawaru
Qazlal
Ru
Sif Muna
Uskayaw
Wu Jian
Yredelemnul
Zin
The Shining One

Annotations:
Temple 2 transporters

...## ....##.
....... .......
......# ....#.#
####Y..#...
#..@......#
##.#...#....
#......#.. ..
##.#.#........
.###..#.###......
.....##...###...
##..#........#..
....##..>..##...#
..#........#.....


You could see an ice beast.


Message History

😮 HP[+1] Key pressed, stopping explore.
You now have 308 gold pieces (gained 17).
Found a staircase to the Ecumenical Temple. 😎 HP[+21]
Your hp is fully restored (61).
A white imp comes into view.
The white imp grinds its teeth.
You slash the white imp!
You kill the white imp!
There is a staircase to the Ecumenical Temple here.
You climb downwards.
Welcome to the Ecumenical Temple!
Found eight altars.
Found a staircase back to the Dungeon.
There is a staircase back to the Dungeon here.
Found a blossoming altar of Fedhas and a hide-covered altar of Uskayaw.
Found three altars.
Found three altars.
There is a transporter here.
You enter the transporter and appear at another place.
There is an iron altar of Okawaru here.
There is an iron altar of Okawaru here.
You kneel at the altar of Okawaru.
Okawaru welcomes you!
There is a transporter here.
You enter the transporter and appear at another place.
There is a staircase back to the Dungeon here.
You can't go down here!
You climb upwards.
Welcome back to the Dungeon!
There is a staircase to the Ecumenical Temple here.
An ogre comes into view. It is wielding a +0 giant club.
The ogre shouts!
An ogre is nearby!
An ogre is nearby!
An ice beast comes into view.
No target in view!
No target in view!
No target in view!
No target in view!
No target in view!
No target in view!
No target in view!
No target in view!
No target in view!
No target in view!
No target in view!
No target in view!
No target in view!
No target in view!
No target in view!
An ogre is nearby!
An ogre is nearby!
You block the ogre's attack.
You slash the ogre!
The ogre hits you with a +0 giant club!!
Ouch! That really hurt!
* * * LOW HITPOINT WARNING * * *
😨 HP[-32]
You take 32 damage, and now have 29/61 hp.
MASSIVE DAMAGE!! (PAUSE)
You hit the ogre. The ogre hits you with a +0 giant club!
* * * LOW HITPOINT WARNING * * *
😱 HP[-15]
You take 15 damage, and now have 14/61 hp.
MASSIVE DAMAGE!! (PAUSE)
You hit the ogre. You headbutt the ogre.
You kill the ogre!
Okawaru accepts your kill.
Your Throwing skill increases to level 3!
You now have 62 max hp (+1).
You hit the ice beast but do no damage. The ice beast hits you.
* * * LOW HITPOINT WARNING * * *
The ice beast freezes you. You resist.
* * * LOW HITPOINT WARNING * * *
😱 HP[-7]
You take 7 damage, and now have 7/62 hp.
You hit the ice beast but do no damage. Your headbutt misses the ice beast.
The ice beast hits you but does no damage. 😱 HP[+1]
You slash the ice beast!
The ice beast hits you but does no damage.
You barely miss the ice beast. Your headbutt misses the ice beast.
The ice beast hits you.
* * * LOW HITPOINT WARNING * * *
The ice beast freezes you. You resist.
* * * LOW HITPOINT WARNING * * *
😱 HP[-6]
You take 6 damage, and now have 2/62 hp.
You hit the ice beast. Your headbutt misses the ice beast.
The ice beast hits you but does no damage.
You block the ice beast's attack.
You closely miss the ice beast.
The ice beast hits you but does no damage.
You hit the ice beast.
The ice beast hits you but does no damage. 😱 HP[+1]
You hit the ice beast.
You headbutt the ice beast, but do no damage.
The ice beast hits you but does no damage.
You slash the ice beast! The ice beast hits you.
You die...

Skill      XL: |  1  2  3  4  5  6  7 |
---------------+----------------------+-----
Axes           | 3 4 5 6 |  6.6
Armour         | 4 5 |  5.6
Shields        | 4 5 |  5.5
Fighting       | 4 5 |  5.6
Throwing       | 1 2 3 |  3.1

Action                     |  1- 3 |  4- 6 |  7- 9 || total
---------------------------+-------+-------+-------++-------
  Melee: War axe           |    62 |    48 |    64 ||   174
         Headbutt          |     8 |     7 |    12 ||    27
 Armour: Scale mail        |    57 |       |       ||    57
         Plate armour      |     5 |    56 |    62 ||   123
  Dodge: Dodged            |    26 |    13 |    17 ||    56
  Block: Buckler           |    12 |    20 |    12 ||    44

Levels and vault maps discovered:
D:1:      sevenhm_arrival_forest_fort_large_2, layout_basic
D:2:      layout_rooms, hellmonk_ecumenical_altar_lost_god
D:3:      layout_basic
D:4:      layout_loops_ring, nicolae_the_louvre, uniq_eustachio,
          uniq_blork_the_orc
D:5:      layout_loops_ring, minmay_temple_entry_slanted
Temple:   hellmonk_temple_divided_pantheon

Notes
Turn   | Place    | Note
-------+----------+-------------------------------------------
     0 | D:1      | Sanktem7 the Minotaur Fighter began the quest for the Orb.
     0 | D:1      | Reached XP level 1. HP: 19/19 MP: 0/0
     0 | D:1      | magus.rc [v1.9.6]
   232 | D:1      | Reached XP level 2. HP: 27/27 MP: 1/1
   348 | D:1      | Reached skill level 3 in Axes
   350 | D:1      | You add the spells Ignite Poison, Sticky Flame and Ignition
                  | to your library.
  1004 | D:2      | Found a faded altar of an unknown god.
  1430 | D:3      | Reached XP level 3. HP: 30/33 MP: 2/2
  1508 | D:3      | Reached skill level 4 in Armour
  1508 | D:3      | Reached skill level 4 in Shields
  1509 | D:3      | Reached skill level 4 in Fighting
  2137 | D:4      | Reached XP level 4. HP: 40/40 MP: 3/3
  2137 | D:4      | Noticed Blork the orc
  2143 | D:4      | Killed Blork the orc
  2144 | D:4      | Reached skill level 4 in Axes
  2144 | D:4      | Reached skill level 1 in Throwing
  2150 | D:4      | Noticed an ice beast
  2160 | D:4      | Killed an ice beast
  2161 | D:4      | Reached XP level 5. HP: 47/47 MP: 4/4
  2169 | D:4      | Noticed Eustachio
  2179 | D:4      | Killed Eustachio
  2180 | D:4      | Reached skill level 5 in Axes
  2180 | D:4      | Reached skill level 2 in Throwing
  2180 | D:4      | Reached XP level 6. HP: 37/55 MP: 5/5
  2273 | D:4      | You pick up a book of Burglary and begin reading...
  2273 | D:4      | You add the spells Passwall, Ensorcelled Hibernation and
                  | Swiftness to your library.
  2320 | D:4      | Reached skill level 5 in Fighting
  2329 | D:4      | Reached skill level 5 in Armour
  2329 | D:4      | Reached skill level 5 in Shields
  2363 | D:4      | Reached XP level 7. HP: 47/61 MP: 6/6
  2834 | D:4      | You pick up a book of Armaments and begin reading...
  2834 | D:4      | You add the spells Stone Arrow, Animate Armour and
                  | Lehudib's Crystal Spear to your library.
  2864 | D:5      | Entered Level 5 of the Dungeon
  2937 | D:5      | Reached skill level 6 in Axes
  3324 | D:5      | Found a staircase to the Ecumenical Temple.
  3334 | Temple   | Found a transporter.
  3334 | Temple   | Found a transporter.
  3334 | Temple   | Found a transporter.
  3334 | Temple   | Found a transporter.
  3334 | Temple   | Entered the Ecumenical Temple
  3352 | Temple   | Became a worshipper of Warmaster Okawaru
  3376 | D:5      | HP: 14/61 [ogre/+0 giant club (16)]
  3378 | D:5      | Reached skill level 3 in Throwing
  3381 | D:5      | HP: 8/62 [ice beast (1)]
  3381 | D:5      | HP: 2/62 [ice beast (6)]
  3386 | D:5      | Slain by an ice beast

Vanquished Creatures
  Eustachio (D:4)
  An ice beast (D:4)
  2 ogres (D:5)
  Blork the orc (D:4)
  2 scorpions
  A howler monkey (D:4)
  3 iguanas
  An orc wizard (D:3)
  2 adders (D:4)
  7 gnolls (D:5)
  A white imp (D:5)
  3 worms
  4 dart slugs
  5 orcs
  A bat (D:3)
  6 endoplasms
  2 giant cockroaches
  A goblin (D:4)
  5 hobgoblins
  3 jackals (D:4)
  3 quokkas (D:1)
  5 ball pythons
  2 frilled lizards (D:1)
  2 kobolds
  2 rats
66 creatures vanquished.

Table legend:
 A = Non-vault XP
 B = Vault XP
 C = Vault XP percentage of total XP
 D = Non-vault monster count
 E = Vault monster count
 F = Vault count percentage of total count
                 A         B        C        D         E       F
            +---------+---------+-------+---------+---------+-------
      Total |     965 |     287 |  22.9 |      64 |       2 |   3.0
            +---------+---------+-------+---------+---------+-------
        D:1 |      27 |       0 |   0.0 |      15 |       0 |   0.0
        D:2 |       9 |       0 |   0.0 |       3 |       0 |   0.0
        D:3 |      59 |       0 |   0.0 |      12 |       0 |   0.0
        D:4 |     367 |     287 |  43.9 |      19 |       2 |   9.5
        D:5 |     503 |       0 |   0.0 |      15 |       0 |   0.0
            +---------+---------+-------+---------+---------+-------

Skill      XL: |  1  2  3  4  5  6  7 |
---------------+----------------------+-----
Axes           | 3 4 5 6 |  6.6
Armour         | 4 5 |  5.6
Shields        | 4 5 |  5.5
Fighting       | 4 5 |  5.6
Throwing       | 1 2 3 |  3.1

Action                     |  1- 3 |  4- 6 |  7- 9 || total
---------------------------+-------+-------+-------++-------
  Melee: War axe           |    62 |    48 |    64 ||   174
         Headbutt          |     8 |     7 |    12 ||    27
 Armour: Scale mail        |    57 |       |       ||    57
         Plate armour      |     5 |    56 |    62 ||   123
  Dodge: Dodged            |    26 |    13 |    17 ||    56
  Block: Buckler           |    12 |    20 |    12 ||    44

Illustrated notes

Table legend:
 A = Kills in this place as a percentage of kills in the entire game.
 B = Kills by you in this place as a percentage of kills by you in the entire game.
 C = Kills by friends in this place as a percentage of kills by friends in the entire game.
 D = Other kills in this place as a percentage of other kills in the entire game.
 E = Experience gained in this place as a percentage of experience gained in the entire game.
 F = Experience gained in this place divided by the number of levels of this place that you have seen.
                   A       B       C       D       E      F
               +-------+-------+-------+-------+-------+----------------------
         Total | 100.0 | 100.0 |   N/A |   N/A | 100.0 | 208.7
       Dungeon | 100.0 | 100.0 |   N/A |   N/A | 100.0 | 250.4
               +-------+-------+-------+-------+-------+----------------------

Table legend: (Time is in decaauts)
 A = Elapsed time spent in this place.
 B = Non-inter-level travel time spent in this place.
 C = Inter-level travel time spent in this place.
 D = Time resting spent in this place.
 E = Time spent auto-exploring this place.
 F = Levels seen in this place.
 G = Mean time per level.
                   A        B        C        D        E       F      G
               +--------+--------+--------+--------+--------+-----+--------+
         Total |   3436 |   3351 |     85 |      0 |   2823 |   6 |  572.7 |
       Dungeon |   3405 |   3320 |     85 |      0 |   2823 |   5 |  681.0 |
        Temple |     30 |     30 |      0 |      0 |      0 |   1 |   30.0 |
               +--------+--------+--------+--------+--------+-----+--------+

Top non-repeatable levels by time:
     D:3: 938 daAuts
     D:4: 757 daAuts
     D:1: 694 daAuts
     D:2: 512 daAuts
     D:5: 502 daAuts
  Temple: 30 daAuts
